Map: [ESL] Amphion

Players

Spirit - Winner!

  • Race: Terran Terran
  • Spawn Location: 7:00

Clem

  • Race: Terran Terran
  • Spawn Location: 11:00

Event: ESL SC2 Masters 2024 Spring (Regional)

VOD

Have the link to the VOD?

Description

Time

  • Played on: May 3, 2024, 12:50 p.m.
  • Length: 8:56

All games in this series

Show
View Real Time Build Order
Export as new Build Order

Spirit Terran - Winner!

Build Orders: Cyclone Opening, Reaper Expand 

Get SALT Encoding   

  12  0:00  SCV  
  13  0:12  SCV  
  14  0:18  Supply Depot  
  14  0:24  SCV  
  15  0:40  SCV  
  15  0:41  Barracks  
  16  0:46  Refinery  
  16  0:52  SCV  
  17  1:04  SCV  
  18  1:16  SCV  
  19  1:29  Reaper, Orbital Command  
  20  1:42  Command Center  
  20  1:53  Supply Depot  
  20  1:54  SCV  
  20  2:01  Marine  
  21  2:06  SCV  
  23  2:11  Factory  
  23  2:14  Refinery  
  23  2:19  Marine  
  23  2:20  SCV  
  25  2:31  Bunker  
  25  2:32  SCV  
  26  2:39  Marine  
  26  2:44  SCV  
  28  2:54  Cyclone  
  28  2:55  Starport  
  30  2:58  SCV  
  30  3:02  Orbital Command  
  31  3:05  Barracks Reactor  
  31  3:10  SCV  
  32  3:17  Refinery  
  32  3:22  SCV  
  32  3:26  Cyclone  
  35  3:28  SCV  
  35  3:29  Supply Depot  
  36  3:34  Medivac  
  36  3:37  SCV  
  36  3:40  SCV  
  40  3:42  Marine x2  
  42  3:49  SCV  
  42  3:52  SCV  
  42  3:55  Supply Depot  
  44  4:00  Factory Tech Lab, Marine x2  
  44  4:01  SCV  
  47  4:04  SCV  
  47  4:07  Starport Tech Lab  
  48  4:13  SCV  
  48  4:17  SCV  
  50  4:18  Siege Tank, Marine  
  50  4:22  Marine  
  52  4:25  SCV  
  52  4:29  SCV  
  51  4:33  Raven  
  51  4:34  Interference Matrix  
  51  4:38  SCV  
  54  4:41  SCV  
  55  4:50  SCV  
  56  4:53  SCV  
  56  4:59  Command Center  
  57  5:01  Factory Reactor  
  57  5:02  SCV  
  57  5:04  Stimpack  
  57  5:05  SCV  
  59  5:10  Raven  
  59  5:14  SCV, Supply Depot, Barracks  
  62  5:18  SCV  
  63  5:21  Marine  
  63  5:26  SCV  
  63  5:28  Barracks  
  65  5:29  Refinery  
  65  5:30  SCV  
  66  5:38  SCV  
  67  5:44  Raven  
  67  5:45  Engineering Bay  
  67  5:46  SCV  
  67  5:48  Marine  
  71  5:50  SCV, Engineering Bay  
  71  5:52  Factory Tech Lab  
  71  5:53  Supply Depot  
  72  6:02  SCV, Marine x2  
  72  6:03  SCV  
  76  6:06  Marine  
  76  6:10  Supply Depot x2  
  77  6:14  Orbital Command  
  77  6:19  Siege Tank  
  77  6:22  SCV  
  77  6:25  Marine x2  
  83  6:27  Marine  
  83  6:28  Marine  
  83  6:29  Marine  
  83  6:32  Starport Reactor, Terran Infantry Weapons Level 1  
  86  6:35  Terran Infantry Armor Level 1  
  86  6:38  SCV  
  87  6:43  Marine x2  
  87  6:45  SCV, Marine  
  87  6:46  Marine  
  92  6:47  Marine  
  92  6:51  Siege Tank  
  92  6:53  Orbital Command  
  95  6:59  SCV, Combat Shield  
  95  7:00  Marine  
  95  7:01  Marine  
  98  7:02  Supply Depot  
  98  7:03  Marine  
  98  7:04  Marine x2  
  101  7:12  Medivac x2  
  101  7:13  SCV  
  106  7:18  Marine x2  
  106  7:20  Marine  
  106  7:22  Marine  
  110  7:23  Siege Tank, Supply Depot x2  
  110  7:24  Marine  
  110  7:26  SCV  
  115  7:36  SCV x2, Marine x2  
  119  7:38  Marine  
  119  7:41  Marine  
  119  7:42  Armory, Barracks  
  121  7:45  SCV, Barracks  
  121  7:47  Marine  
  121  7:48  SCV  
  121  7:51  Medivac  
  126  7:54  SCV, Marine  
  126  7:55  Siege Tank  
  126  7:57  SCV  
  126  7:58  Supply Depot  
  132  8:01  SCV  
  132  8:04  Sensor Tower, Marine  
  134  8:06  SCV  
  134  8:09  SCV  
  134  8:10  Supply Depot, Marine x2  
  138  8:16  Marine  
  138  8:19  Marine  
  140  8:21  Marine  
  140  8:23  SCV  
  142  8:28  Marine x2  
  142  8:29  SCV  
  142  8:34  Marine  
  150  8:37  Marine  
  150  8:38  SCV  
  150  8:40  SCV  
  153  8:41  Barracks Reactor x2  
Show
View Real Time Build Order
Export as new Build Order

Clem Terran 

Build Orders: Cyclone Opening 

Get SALT Encoding   

  12  0:00  SCV  
  13  0:12  SCV  
  14  0:17  Supply Depot  
  14  0:24  SCV  
  15  0:38  SCV  
  15  0:39  Barracks  
  16  0:45  Refinery  
  16  0:50  SCV  
  16  0:54  Refinery  
  17  1:03  SCV  
  18  1:15  SCV  
  19  1:26  Reaper  
  19  1:27  Orbital Command  
  19  1:32  Supply Depot  
  20  1:42  Factory  
  20  1:52  SCV  
  21  1:59  Reaper  
  22  2:04  SCV  
  23  2:16  SCV  
  24  2:26  Command Center  
  24  2:28  SCV  
  25  2:31  Cyclone  
  27  2:40  Starport  
  27  2:44  SCV  
  28  2:51  Barracks Reactor  
  28  2:53  Supply Depot  
  28  2:57  SCV  
  29  3:03  Cyclone  
  31  3:15  SCV  
  31  3:17  Medivac  
  31  3:19  Refinery  
  34  3:27  SCV  
  34  3:33  Barracks Tech Lab  
  35  3:38  Orbital Command  
  35  3:39  SCV  
  36  3:41  Cyclone  
  38  3:51  SCV  
  39  3:56  Raven  
  39  3:57  Barracks Tech Lab  
  39  4:01  Supply Depot  
  41  4:03  SCV  
  41  4:06  SCV  
  43  4:15  SCV  
  43  4:18  SCV  
  42  4:28  SCV  
  42  4:30  SCV  
  44  4:33  Raven  
  44  4:34  Interference Matrix, Command Center  
  46  4:40  SCV  
  46  4:41  Marine x2  
  46  4:42  SCV  
  50  4:52  SCV  
  51  4:53  Siege Tank, Supply Depot  
  51  4:54  SCV  
  55  5:00  Marine x2  
  55  5:04  SCV  
  55  5:06  SCV  
  59  5:13  Barracks  
  59  5:14  Barracks  
  59  5:16  SCV, Raven  
  59  5:19  SCV, Refinery  
  63  5:28  SCV  
  64  5:31  SCV  
  65  5:36  Engineering Bay  
  65  5:39  Engineering Bay  
  65  5:40  SCV  
  65  5:41  Factory Reactor  
  66  5:43  SCV  
  66  5:45  Orbital Command  
  67  5:50  Stimpack, Marine  
  67  5:52  SCV  
  67  5:55  SCV  
  70  5:59  Barracks  
  70  6:03  Starport Reactor  
  70  6:04  SCV  
  70  6:05  Barracks  
  70  6:07  SCV  
  70  6:09  Terran Infantry Weapons Level 1, Terran Infantry Armor Level 1  
  72  6:11  Marine, Orbital Command  
  72  6:16  SCV  
  74  6:19  SCV  
  74  6:21  Marine x2  
  77  6:29  SCV, Supply Depot, Marine  
  77  6:31  SCV  
  80  6:33  Marine  
  80  6:35  Supply Depot, Marine  
  80  6:39  Siege Tank  
  85  6:49  Barracks Reactor  
  85  6:50  SCV x3, Medivac, Marine x2  
  85  6:53  Marine  
  93  6:58  Medivac, Barracks Reactor  
  93  7:00  Marine  
  93  7:01  Supply Depot  
  96  7:02  SCV, Marine  
  96  7:06  SCV x2  
  96  7:08  Marine  
  101  7:15  Supply Depot  
  101  7:16  Armory  
  101  7:22  SCV x3, Widow Mine  
  106  7:23  Supply Depot  
  106  7:25  Medivac  
  106  7:28  Marine  
  106  7:29  Combat Shield  
  109  7:32  Marine x2  
  109  7:33  Marine x2  
  109  7:34  SCV, Supply Depot, Marine  
  109  7:36  Marine  
  110  7:38  Marine x2  
  110  7:41  Medivac  
  114  7:44  Supply Depot  
  114  7:45  Siege Tank  
  114  7:51  Supply Depot, Marine  
  118  7:53  Sensor Tower  
  118  7:54  Refinery  
  118  7:55  Marine x2  
  118  7:56  Refinery, Marine  
  121  8:02  Missile Turret, Marine x2  
  121  8:03  Supply Depot  
  121  8:04  SCV  
  121  8:05  SCV  
  125  8:15  Marine x3  
  125  8:17  SCV, Marine x2  
  125  8:19  Marine  
  131  8:20  SCV, Marine  
  131  8:22  Marine x2  
  133  8:29  SCV  
  133  8:33  Marine x3  
  130  8:34  Marine  
  130  8:35  Marine  
  130  8:37  Marine  
  130  8:38  Marine  
Tags
 
Add a new tag
Caveats
  • Supply blocks, unpowered buildings, or Contaminate may cause inaccurate times.
  • Supply counts are checked every 10 seconds.